 Dungeon Crawl Stone Soup version 0.25.1-2-g60ff931df9 (webtiles) character file.

Game seed: 11163638698899712089

63 prdct the Chiller (level 3, -1/28 HPs)
             Began as a Draconian Ice Elementalist on Aug 28, 2020.
             Succumbed to a killer bee's poison
             ... on level 2 of the Dungeon.
             The game lasted 00:11:14 (1762 turns).

prdct the Chiller (Draconian Ice Elementalist)      Turns: 1762, Time: 00:11:15

Health: -1/28      AC:  5    Str: 10    XL:     3   Next: 89%
Magic:  5/6        EV: 12    Int: 16    God:
Gold:   73         SH:  0    Dex: 11    Spells: 6/7 levels left

rFire    . . .     SeeInvis .   (no weapon)
rCold    . . .     Gourm    .   (no shield)
rNeg     . . .     Faith    .   (armour unavailable)
rPois    .         Spirit   .   (helmet restricted)
rElec    .         Reflect  .   (no cloak)
rCorr    .         Harm     .   (no gloves)
MR       .....                  (no boots)
Stlth    ++........             (no amulet)
HPRegen  0.09/turn              (no ring)
MPRegen  0.10/turn              (no ring)

@: lethally poisoned (-1 -> -16)
A: unfitting armour, cold-blooded, AC +5
a: no special abilities


You were on level 2 of the Dungeon.
You were not hungry.

You visited 1 branch of the dungeon, and saw 2 of its levels.

You collected 73 gold pieces.

Inventory:

Hand Weapons
 i - a +0 hand crossbow
Missiles
 f - an atropa-tipped dart (quivered)
Scrolls
 d - a scroll of fear {unknown}
 e - a scroll of enchant armour {unknown}
Potions
 a - 2 potions of cancellation {unknown}
 c - a potion of haste {unknown}
 g - a potion of degeneration {unknown}
Comestibles
 b - 4 rations
 h - 2 chunks of flesh


   Skills:
 * Level 1.1 Fighting
 * Level 0.6 Throwing
 + Level 1.8 Dodging
 + Level 2.0 Stealth
 + Level 2.6 Spellcasting
 + Level 4.7 Ice Magic


You had 6 spell levels left.
You knew the following spells:

 Your Spells              Type           Power        Failure   Level  Hunger
a - Freeze                Ice            ###.         2%          1    #......

Your spell library contained the following spells:

 Spells                   Type           Power        Failure   Level  Hunger
 Frozen Ramparts          Ice            ###...       9%          3    ###....
 Ozocubu's Armour         Chrm/Ice       #.......     22%         3    ###....
 Hailstorm                Conj/Ice       #.......     58%         4    #####..
 Summon Ice Beast         Ice/Summ       #.......     58%         4    #####..


Dungeon Overview and Level Annotations

Branches:
Dungeon (2/15)

Altars:


Innate Abilities, Weirdness & Mutations

Your plain brown scales are hard. (AC +5)
You cannot fit into any form of body armour.
You are cold-blooded and may be slowed by cold attacks.


Message History

Confirm with . or Enter, or press ? or * to list all spells.
You don't know that spell.
Unknown command.
Casting: Freeze (safe; 2% risk of failure)
Confirm with . or Enter, or press ? or * to list all spells.
Okay, then.
There are monsters nearby!
You feel sick.
You feel sick. The killer bee barely misses you. The killer bee stings you. x2
You feel sick.
The killer bee buzzes angrily.
The killer bee closely misses you. The killer bee stings you.
* * * LOW HITPOINT WARNING * * *
You are lethally poisoned!
The killer bee poisons you!
* * * LOW HITPOINT WARNING * * *
You feel sick. The killer bee closely misses you. The killer bee stings you.
* * * LOW HITPOINT WARNING * * *
You die...

.####.##..#..........##.###
.....................##.#
.....................#..#####
........##...........)(#....#
........###..........###....#
........# ##.........# #....#####
#....#### ##.........# #.........
#.#########..........# #.....####
.........#......@....# #.....# #.
....##.รท......y......#...........
.......####...y......#.#....####
....#######............#....#
...........y...........###### ....
#####.........##..# ....
#y######### #.. .... #y# ..
###.y........#


You could see 5 killer bees.

Vanquished Creatures
  3 adders (D:2)
  3 worms (D:2)
  A leopard gecko (D:1)
  A giant cockroach (D:2)
  2 goblins
  A hobgoblin (D:2)
  4 jackals (D:1)
  7 bats
  3 frilled lizards (D:1)
  7 kobolds
  4 rats
36 creatures vanquished.

Notes
Turn   | Place    | Note
-------+----------+-------------------------------------------
     0 | D:1      | prdct the Draconian Ice Elementalist began the quest for
                  | the Orb.
     0 | D:1      | Reached XP level 1. HP: 14/14 MP: 3/3
   431 | D:1      | Reached XP level 2. HP: 20/20 MP: 1/5
  1106 | D:2      | Reached XP level 3. HP: 19/26 MP: 1/6
  1435 | D:2      | Reached skill level 1 in Fighting
  1732 | D:2      | Noticed a killer bee
  1753 | D:2      | Noticed a killer bee
  1753 | D:2      | Noticed a killer bee
  1753 | D:2      | Noticed a killer bee
  1753 | D:2      | Noticed a killer bee
  1753 | D:2      | Noticed a killer bee
  1761 | D:2      | HP: 1/28 [killer bee (5)]
  1762 | D:2      | Succumbed to a killer bee's poison

Illustrated notes

Levels and vault maps discovered:
D:1:      heliophobic_arrival_ceremonial_halls, layout_loops_ring,
          serial_bayou_ford_a
D:2:      layout_rooms, lemuel_round_altar, first_ration,
          kennysheep_generic_room_5

Skill      XL: |  1  2  3 |
---------------+----------+-----
Stealth        | 2 |  2.0
Fighting       | 1 |  1.1
Throwing       | |  0.6
Dodging        | |  1.8
Spellcasting   | |  2.6
Ice Magic      | |  4.7

Action                   || total
-------------------------++-------
Melee: Unarmed           ||    37
       Tailslap          ||     4
Throw: Dart              ||    16
 Cast: Freeze            ||    57
  Eat: Chunk             ||     3
Armor: Skin              ||    33
Dodge: Dodged            ||    68
